 Dungeon Crawl Stone Soup version 0.22-b1-59-g0aedee734a (webtiles) character file.

2005044 GordonOverkill the Conqueror (level 27, 199/199 HPs)
             Began as a Gargoyle Berserker on Aug 9, 2018.
             Was the Champion of Trog.
             Escaped with the Orb
             ... and 3 runes!
             The game lasted 01:32:29 (52107 turns).

GordonOverkill the Conqueror (Gargoyle Berserker)  Turns: 52107, Time: 01:32:29

Health: 199/199    AC: 65    Str: 26    XL:     27
Magic:  8/8        EV: 17    Int: 11    God:    Trog [******]
Gold:   6119       SH: 16    Dex: 14    Spells: 26/26 levels left

rFire    + + .     SeeInvis .   b - +8 broad axe (antimagic)
rCold    + . .     Gourm    .   t - +2 shield {reflect}
rNeg     + . .     Faith    .   E - +1 gold dragon scales
rPois    ∞         Spirit   .   z - +2 helmet
rElec    +         Reflect  +   O - +2 cloak {MR+}
rCorr    .         Harm     .   F - +2 pair of gloves
MR       +++..                  j - +2 pair of boots
Stlth    ..........             x - amulet of regeneration
HPRegen  0.83/turn              d - +6 ring of slaying
MPRegen  0.11/turn              h - ring of protection from fire

@: flying
A: big wings, mutation resistance 1, negative energy resistance 1, electricity
resistance, unbreathing, petrification resistance, rot immunity, AC +20
0: Orb of Zot
}: 3/15 runes: serpentine, barnacled, silver
a: Stop Flying, Berserk, Trog's Hand, Brothers in Arms, Renounce Religion


You escaped.
You worshipped Trog.
Trog was exalted by your worship.
You were very full.

You visited 8 branches of the dungeon, and saw 46 of its levels.
You visited the Abyss 2 times.
You also visited: Labyrinth, Sewer and Ice Cave.

You collected 8247 gold pieces.
You spent 2128 gold pieces at shops.

Inventory:

Hand Weapons
 a - a +6 broad axe of flaming
 b - a +8 antimagic broad axe (weapon)
 f - a +5 antimagic broad axe
Missiles
 N - 12 throwing nets (quivered)
Armour
 j - a +2 pair of boots (worn)
 t - a +2 shield of reflection (worn)
 z - a +2 helmet (worn)
 E - +1 gold dragon scales (worn)
 F - a +2 pair of gloves (worn)
 O - a +2 cloak of magic resistance (worn)
Jewellery
 d - a +6 ring of slaying (left hand)
 h - a ring of protection from fire (right hand)
 x - an amulet of regeneration (around neck)
 G - an uncursed ring of see invisible
 W - a +5 amulet of reflection
Wands
 e - a wand of random effects (88)
 i - a wand of paralysis (28)
 m - a wand of digging (42)
 v - a wand of flame (260)
 H - a wand of scattershot (33)
 J - a wand of enslavement (35)
 Q - a wand of iceblast (34)
 T - a wand of disintegration (85)
 U - a wand of acid (24)
Scrolls
 o - 4 scrolls of summoning
 p - 20 scrolls of remove curse
 q - 3 scrolls of holy word
 w - 18 scrolls of teleportation
 y - 6 scrolls of fear
 A - 6 scrolls of fog
 I - 6 scrolls of blinking
 R - 5 scrolls of identify
 V - a scroll of silence
Potions
 g - 28 potions of curing
 k - 7 potions of cancellation
 l - 8 potions of haste
 n - 10 potions of might
 r - a potion of mutation
 s - 4 potions of ambrosia
 u - 12 potions of lignification
 B - 5 potions of berserk rage
 C - 4 potions of invisibility
 L - 2 potions of resistance
 M - 11 potions of heal wounds
 S - 7 potions of agility
 X - a potion of brilliance
Miscellaneous
 Z - a phial of floods
Comestibles
 c - 52 rations


   Skills:
 O Level 27 Fighting
 - Level 18.0 Axes
 O Level 27 Armour
 + Level 21.0 Dodging
 - Level 15.0 Shields
 - Level 0.2 Unarmed Combat
 - Level 3.0 Evocations


You had 26 spell levels left.
You didn't know any spells.
Your spell library was empty.

Dungeon Overview and Level Annotations

Branches:
Dungeon (15/15)            Temple (0/1) D:7            Lair (6/6) D:9
 Shoals (4/4) Lair:4        Snake (4/4) Lair:2        Slime (0/5) Lair:6
    Orc (2/2) D:12            Elf (0/3) Orc:2        Vaults (5/5) D:14
  Crypt (0/3) Vaults:3     Depths (5/5) D:15            Zot (5/5) Depths:5

Altars:
Cheibriados
Elyvilon
Gozag
Kikubaaqudgha
Makhleb
Nemelex Xobeh
Okawaru
Sif Muna
The Shining One
Beogh
Jiyva
Lugonu

Shops:
D:5 *   D:11 :   D:15 }   Orc:2 :*[(   Shoals:4 !   Snake:1 [   Snake:3 (}=%
Vaults:1 (   Vaults:2 =   Vaults:4 ((

Portals:
Hell: Depths:1 Depths:2 Depths:3 Depths:4 Depths:5
Abyss: Depths:1 Depths:4
Pandemonium: Depths:3
Ziggurat: Depths:2
Trove: Vaults:4 (give lightning scales)

Annotations:
D:3 2 transporters, Anaz's ghost, amateur HuSk
Shoals:1 1 runed door, Affopysus's ghost, adept CeHu
Depths:5 4 runed doors


Innate Abilities, Weirdness & Mutations

You are resistant to torment.
Your stone body is resilient. (AC +20)
You are immune to poison.
Your large and strong wings let you fly indefinitely.
You resist negative energy. (rN+)
You are resistant to electric shocks. (rElec)
You can survive without breathing.
You are immune to petrification.
You are immune to rotting.
You are somewhat resistant to further mutation.


Message History

No target in view!
(D) Dungeon (T) Temple (L) Lair (A) Shoals (P) Snake Pit (M) Slime Pits (O) Orcish Mines (E) Elven Halls (V) Vaults (C) Crypt (U) Depths (H) Hell (Z) Zot
Where to? (Enter - D:1 @ (x,y), ? - help)
You see here a scale mail.
A quasit comes into view.
The quasit gives a chilling moan.
You block the quasit's attack. The quasit barely misses you.
The quasit closely misses you.
You slash the quasit!
You kill the quasit!
Trog accepts your kill.
No target in view!
No target in view!
No target in view!
No target in view!
There is a staircase leading out of the dungeon here.
You have escaped!

..# #..# ### ####.####.#
..#######..###.###.#.....#.#
.............#.....#.)...#.#
..#######..###.#.#.###...#.#
..# #..#.........#...#.# .##
####.#.#.#.#.###.#.# ##
#......#.#.......#.# #
##.#.###.###.#.#.#.# #
#......@......#.#.# #
##.#.###.###.#.#.#.# #
#......#.#.......#.# #
####.#.#.#.#.###...# #
##.#.........# #.#.## #
#..###.#.#.### #....# # #.##
#.....# #.._.# # #.#
##.###.# #....# # #.###.##
#.# ###..#


There were no monsters in sight!

Vanquished Creatures
  4 orbs of fire (Zot:5)
  An ancient lich (Zot:5)
  A juggernaut (Depths:4)
  The ghost of GordonOverkill the Conqueror, a legendary GrBe of Trog (Zot:4)
  Sojobo (Vaults:4)
  6 curse toes
  Vashnia (Snake:2)
  Saint Roka (Depths:3)
  2 caustic shrikes
  3 Killer Klowns (Zot:5)
  The ghost of Varury the Executioner, a veteran DDFi of Makhleb (Vaults:1)
  Nikola (Snake:3)
  10 golden dragons
  Jory (Vaults:4)
  A Tzitzimitl (Depths:3)
  A bone dragon (Abyss:2)
  4 electric golems
  21 tentacled monstrosities
  5 liches
  An Ice Fiend (Depths:1)
  25 Orb Guardians (Zot:5)
  4 titans (Vaults:5)
  4 quicksilver dragons
  14 death cobs
  2 krakens
  Frances (Shoals:2)
  An Executioner (Abyss:2)
  6 tentacled starspawn (Abyss:2)
  5 sphinxes
  A kraken (shapeshifter) (Depths:4)
  9 tengu reavers
  16 shadow dragons
  19 storm dragons
  12 draconian monks
  10 nagarajas
  Roxanne (Snake:1)
  23 vault wardens
  An orc warlord (Orc:1)
  10 fire giants
  12 frost giants
  2 cacodemons
  2 ghost moths
  6 draconian knights
  Louise (Snake:1)
  3 iron dragons
  4 draconian shifters
  2 draconian scorchers (Zot:4)
  6 draconian annihilators
  A ghoul (Vaults:3)
  A war gargoyle (Vaults:5)
  2 entropy weavers (shapeshifter)
  17 ironheart preservers
  2 draconian stormcallers
  A reaper (IceCv)
  A caustic shrike skeleton (Depths:5)
  A vampire knight (Depths:4)
  28 very ugly things
  23 stone giants
  2 entropy weavers
  2 deep elf demonologists
  Azrael (D:13)
  19 green draconians
  4 deep elf annihilators (Vaults:5)
  17 black draconians
  12 purple draconians
  The ghost of Ojaytsid the Bludgeoner, a journeyman HuSk of Okawaru (Lair:3)
  2 dire elephants
  9 red draconians
  21 white draconians
  15 yellow draconians
  A minotaur (Lab)
  An eidolon (Depths:1)
  12 spark wasps
  3 deep elf death magi (Vaults:5)
  A green death (D:5)
  21 ettins
  An ettin (shapeshifter) (Vaults:5)
  8 merfolk impalers
  7 great orbs of eyes
  12 fire dragons
  4 merfolk javelineers
  6 rakshasas
  22 yaktaur captains
  3 deep elf high priests
  A monstrous demonspawn (Depths:3)
  10 hydras
  37 vault guards
  Fannar (D:12)
  14 ice dragons
  12 centaur warriors
  5 spriggan air magi
  Harold (D:9)
  2 merfolk aquamancers
  2 catoblepae
  17 naga warriors
  58 two-headed ogres
  A hell beast (Depths:5)
  7 anacondas
  An anaconda (shapeshifter) (Vaults:5)
  4 death knights
  A merfolk avatar (Shoals:4)
  17 ogre magi
  2 satyrs (Shoals:4)
  13 deep troll shamans
  4 tengu warriors
  A thrashing horror (Abyss:2)
  A shock serpent (shapeshifter) (Depths:4)
  A vampire mage (Depths:3)
  12 deep troll earth magi
  20 naga sharpshooters
  Nergalle (D:12)
  An orc high priest (Orc:2)
  7 spriggan berserkers
  5 hell knights (Depths:2)
  A soul eater (Depths:1)
  3 deep elf knights
  6 shock serpents
  2 sun demons
  2 salamander mystics
  A shadow wraith (Vaults:1)
  2 wretched stars (Abyss:2)
  A sixfirhy (Abyss:2)
  A spatial maelstrom (Abyss:2)
  5 iron trolls
  2 unseen horrors
  A gelid demonspawn (Depths:3)
  A sea snake (shapeshifter) (Vaults:1)
  14 sea snakes
  43 deep trolls
  5 phantasmal warriors
  15 naga ritualists
  2 tengu zombies (Depths:4)
  4 glowing orange brains
  5 flayed ghosts
  8 necromancers
  A spectral hydra (Lair:3)
  A deep elf archer (Vaults:5)
  4 wizards
  21 ironbrand convokers
  A shadow dragon skeleton (Depths:4)
  14 harpies
  12 mana vipers
  13 orc knights
  9 deep elf magi
  2 orc sorcerers
  3 wolf spiders
  A wolf spider zombie (D:13)
  A stone giant zombie (Vaults:2)
  A tengu skeleton (Vaults:3)
  58 ugly things
  18 moths of wrath
  15 fauns
  23 manticores
  2 human zombies
  12 salamanders
  2 worldbinders (Abyss:2)
  3 cyclopes
  A moth of wrath (shapeshifter) (Depths:2)
  Maurice (D:9)
  A stone giant skeleton (Vaults:3)
  21 elephants
  Psyche (D:9)
  2 elephants (shapeshifter)
  5 merfolk sirens
  2 guardian serpents (shapeshifter) (Vaults:1)
  10 guardian serpents
  2 ice statues (IceCv)
  39 black mambas
  A rust devil (Depths:3)
  19 vault sentinels
  18 naga magi
  7 apocalypse crabs (Zot:4)
  A frost giant skeleton (Vaults:2)
  9 spiny frogs
  A gargoyle (D:14)
  2 kobold demonologists
  2 orange demons
  2 komodo dragons (shapeshifter)
  6 water nymphs
  2 efreet
  A minotaur zombie (Lab)
  8 freezing wraiths
  A rime drake (Depths:1)
  A demonic crawler (Zot:4)
  6 komodo dragons
  74 yaktaurs
  A tormentor (Abyss:2)
  2 tengu conjurers
  4 ancient zymes (Abyss:2)
  22 merfolk
  4 red devils
  2 queen bees (shapeshifter)
  9 trolls
  11 ice devils
  A jumping spider (Vaults:1)
  A polar bear (shapeshifter) (Vaults:1)
  A troll (shapeshifter) (Depths:3)
  Prince Ribbit (D:9)
  4 polar bears (Lair:6)
  7 hornets
  2 wind drakes
  29 slime creatures
  An ettin zombie (Vaults:3)
  A hornet (shapeshifter) (D:13)
  A blink frog (Abyss:2)
  A spectral dream sheep (Lair:3)
  A meliai zombie (D:15)
  6 hippogriffs
  3 raiju (Abyss:2)
  A stone giant simulacrum (Vaults:2)
  A raiju (shapeshifter) (Vaults:1)
  2 harpy skeletons (D:15)
  13 snapping turtles
  2 human simulacra
  8 large abominations
  A spectral black mamba (Lair:3)
  15 spriggans
  Sigmund (D:5)
  5 redbacks
  A spriggan (shapeshifter) (Vaults:3)
  A centaur simulacrum (D:14)
  22 yaks
  An ettin skeleton (Vaults:3)
  5 shadows
  14 starcursed masses (Abyss:2)
  2 tarantellas (shapeshifter)
  3 vampires
  5 wraiths
  2 golden eyes (Depths:1)
  A human (shapeshifter) (D:14)
  A yak (shapeshifter) (Vaults:2)
  4 hogs (D:7)
  A ynoxinul (Abyss:2)
  A basilisk (Lair:4)
  3 wyverns
  A human (D:7)
  A basilisk (shapeshifter) (Vaults:2)
  7 hungry ghosts
  4 vampire mosquitoes (D:8)
  20 water elementals
  2 neqoxecs
  A death yak simulacrum (Lair:3)
  3 fire elementals (D:13)
  2 steam dragons
  3 chaos spawn
  55 nagas
  6 wargs
  A soldier ant (D:15)
  An acid dragon (shapeshifter) (Vaults:4)
  A naga (shapeshifter) (Depths:3)
  4 acid dragons
  Duvessa (D:4)
  14 water moccasins
  A deep troll skeleton (Vaults:3)
  13 hell hounds
  7 porcupines
  35 orc warriors
  Purgy (Sewer)
  4 black bears
  9 ice beasts
  3 sky beasts
  A black bear (shapeshifter) (Depths:4)
  2 necrophages
  2 phantoms
  A black mamba simulacrum (Lair:3)
  23 centaurs
  43 ogres
  31 wolves
  14 boggarts
  6 crocodiles
  2 big kobolds
  15 bullfrogs
  A gnoll sergeant (D:7)
  A glowing shapeshifter simulacrum (Vaults:2)
  A wyvern zombie (D:12)
  A spiny frog simulacrum (Lair:3)
  11 small abominations
  Dowan (D:4)
  2 scorpions
  A dream sheep simulacrum (Lair:3)
  6 killer bees (D:13)
  12 wights
  An electric eel (Snake:2)
  A howler monkey (D:6)
  4 crimson imps
  5 centaur zombies
  A bullfrog zombie (D:6)
  2 quasits
  4 jellies
  A gnoll shaman (D:8)
  9 hounds
  Crazy Yiuf (D:2)
  3 bullfrog skeletons
  4 centaur skeletons
  16 orc priests
  18 orc wizards
  Ijyb (D:5)
  An iguana (D:4)
  6 hell rats (Lair:4)
  5 worker ants
  A lightning spire (Zot:1)
  A killer bee zombie (D:7)
  2 hound skeletons
  3 worker ant zombies
  17 gnolls
  A howler monkey skeleton (D:10)
  7 adders
  A shadow imp (D:10)
  19 white imps
  12 ufetubi
  An ooze (D:1)
  An adder zombie (D:6)
  4 worms
  3 leopard geckos
  82 orcs
  10 giant cockroaches
  7 goblins
  10 hobgoblins
  8 jackals
  5 quokkas
  2 ball pythons
  10 bats
  7 frilled lizards
  A jackal skeleton (D:6)
  14 kobolds
  A quokka skeleton (D:5)
  6 rats
  5 crawling corpses (Vaults:5)
  A fungus (Lair:4)
  15 plants
  6 starspawn tentacles (Abyss:2)
  9 tentacles
2362 creatures vanquished.

Vanquished Creatures (collateral kills)
  An orc sorcerer (Orc:2)
  3 ugly things (D:15)
  An orc warrior (Orc:2)
5 creatures vanquished.

Vanquished Creatures (others)
  A draconian knight (Zot:1)
  A draconian annihilator (Zot:5)
  A white draconian (Zot:5)
  A spark wasp (Depths:4)
  A yaktaur captain (Vaults:1)
  3 satyrs
  3 naga sharpshooters
  A deep elf knight (Vaults:4)
  An unseen horror (shapeshifter) (Vaults:1)
  A wizard (D:15)
  A moth of wrath (Zot:5)
  A cyclops (Vaults:2)
  A faun (Shoals:1)
  9 yaktaurs
  A water elemental (Depths:4)
  An ogre (Vaults:1)
  A boggart (Vaults:3)
  2 centaurs
  An orc wizard (Orc:2)
  A white imp (IceCv)
  3 ufetubi (IceCv)
  40 fungi
  53 plants
  7 starspawn tentacles (Abyss:2)
  8 tentacles
144 creatures vanquished.

Grand Total: 2511 creatures vanquished

Notes
Turn   | Place    | Note
-------+----------+-------------------------------------------
     0 | D:1      | GordonOverkill the Gargoyle Berserker began the quest for the Orb.
     0 | D:1      | Reached XP level 1. HP: 14/14 MP: 1/1
     6 | D:1      | Found a snail-covered altar of Cheibriados.
   173 | D:1      | Reached XP level 2. HP: 16/19 MP: 2/2
   313 | D:1      | HP: 1/30 [ooze (3)]
  1005 | D:1      | Reached ** piety under Trog
  1005 | D:1      | Reached XP level 3. HP: 24/24 MP: 3/3
  1784 | D:2      | Reached XP level 4. HP: 29/29 MP: 4/4
  1877 | D:2      | Found a runed door.
  1881 | D:2      | Noticed Crazy Yiuf
  1887 | D:2      | Killed Crazy Yiuf
  2201 | D:3      | Reached *** piety under Trog
  2207 | D:3      | Reached XP level 5. HP: 34/34 MP: 5/5
  2363 | D:3      | Found an iron altar of Okawaru.
  2370 | D:3      | Reached skill level 5 in Fighting
  2574 | D:3      | Noticed Anaz's ghost (amateur HuSk)
  2579 | D:3      | Found a transporter.
  2609 | D:3      | Found a transporter.
  2670 | D:3      | Reached XP level 6. HP: 40/40 MP: 6/6
  3189 | D:4      | Found a snail-covered altar of Cheibriados.
  3190 | D:4      | Found a white marble altar of Elyvilon.
  3223 | D:4      | Reached XP level 7. HP: 46/46 MP: 7/7
  3401 | D:4      | Noticed Duvessa
  3401 | D:4      | Noticed Dowan
  3411 | D:4      | Killed Dowan
  3411 | D:4      | Reached skill level 5 in Axes
  3415 | D:4      | Killed Duvessa
  3607 | D:5      | Entered Level 5 of the Dungeon
  3630 | D:5      | Found Xenun's General Store.
  3638 | D:5      | Bought a potion of curing for 33 gold pieces
  3638 | D:5      | Bought a scroll of enchant armour for 82 gold pieces
  3638 | D:5      | Bought a scroll of fog for 22 gold pieces
  3649 | D:5      | Found a sparkling altar of Nemelex Xobeh.
  3813 | D:5      | Reached **** piety under Trog
  3978 | D:5      | Got a brightly glowing plate armour
  3979 | D:5      | Identified the +0 plate armour "Kaopoh" {Str-2 Slay+3 SInv} (You found it on level 5 of the Dungeon)
  4121 | D:5      | Reached XP level 8. HP: 53/53 MP: 8/8
  4146 | D:5      | Found a deep blue altar of Sif Muna.
  4207 | D:5      | Noticed Sigmund
  4222 | D:5      | Killed Sigmund
  4421 | D:5      | Noticed Ijyb
  4434 | D:5      | Killed Ijyb
  5234 | D:6      | Found a glowing drain.
  5250 | Sewer    | Entered a sewer
  5368 | Sewer    | Noticed Purgy
  5379 | Sewer    | Killed Purgy
  5461 | D:6      | Reached XP level 9. HP: 55/59 MP: 9/9
  5594 | D:6      | Received a gift from Trog
  6410 | D:7      | Found a burning altar of Makhleb.
  6607 | D:7      | Found a glowing golden altar of the Shining One.
  6656 | D:7      | Reached skill level 10 in Axes
  6656 | D:7      | Reached skill level 1 in Evocations
  6659 | D:7      | Reached XP level 10. HP: 67/67 MP: 9/11
  6660 | D:7      | Reached ***** piety under Trog
  6860 | D:7      | Found a staircase to the Ecumenical Temple.
  7049 | D:8      | Noticed a two-headed ogre
  7059 | D:8      | Killed a two-headed ogre
  7059 | D:8      | Reached skill level 10 in Fighting
  7194 | D:8      | Noticed a two-headed ogre
  7204 | D:8      | Killed a two-headed ogre
  7549 | D:8      | Reached XP level 11. HP: 72/72 MP: 13/13
  8333 | D:9      | Noticed Maurice
  8386 | D:9      | Killed Maurice
  8569 | D:9      | Received a gift from Trog
  8572 | D:9      | Got an encrusted battleaxe {god gift}
  8573 | D:9      | Identified the +4 battleaxe of Expedience {freeze, *Corrode rElec rC- rN++ Stlth+} (Trog gifted it to you on level 9 of the Dungeon)
  8585 | D:9      | Noticed Psyche
  8598 | D:9      | Killed Psyche
  8632 | D:9      | Noticed Prince Ribbit
  8635 | D:9      | Killed Prince Ribbit
  8717 | D:9      | Found an ancient bone altar of Kikubaaqudgha.
  8849 | D:9      | Noticed Harold
  8865 | D:9      | Killed Harold
  9003 | D:9      | Found a staircase to the Lair.
  9026 | D:10     | Entered Level 10 of the Dungeon
  9333 | D:10     | Found an opulent altar of Gozag.
  9754 | D:5      | Bought a +5 broad axe of flaming for 376 gold pieces
 10427 | D:11     | Found Ufuonaud's Book Shop.
 10443 | D:11     | Noticed a manticore
 10451 | D:11     | Killed a manticore
 10547 | D:11     | Noticed a green ugly thing
 10556 | D:11     | Killed a green ugly thing
 10771 | Lair:1   | Entered Level 1 of the Lair of Beasts
 10893 | Lair:1   | Reached skill level 1 in Shields
 11085 | Lair:1   | Noticed a seven-headed hydra
 11095 | Lair:1   | Killed a three-headed hydra
 11095 | Lair:1   | Reached XP level 12. HP: 74/79 MP: 14/14
 11487 | Lair:2   | Found a staircase to the Snake Pit.
 11757 | Lair:2   | Identified a scroll of acquirement
 11760 | Lair:2   | Got a fine crystal plate armour
 11771 | Lair:2   | Identified the +8 crystal plate armour of Yhywod {rC+ Str+7} (You acquired it on level 2 of the Lair of Beasts)
 12182 | Lair:3   | Found a runed gate.
 12182 | Lair:3   | Found a runed gate.
 12280 | Lair:3   | Noticed a four-headed hydra
 12285 | Lair:3   | Killed a two-headed hydra
 12503 | Lair:3   | Found a runed gate.
 12505 | Lair:3   | Noticed Ojaytsid's ghost (journeyman HuSk)
 12546 | Lair:3   | Killed Ojaytsid's ghost
 12546 | Lair:3   | Reached skill level 15 in Axes
 12706 | Lair:4   | Received a gift from Trog
 13069 | Lair:4   | Reached skill level 5 in Armour
 13226 | Lair:4   | Found a staircase to the Shoals.
 13942 | Lair:5   | Reached XP level 13. HP: 84/84 MP: 15/15
 14159 | Lair:5   | Noticed a dire elephant
 14179 | Lair:5   | Killed a dire elephant
 14747 | Lair:6   | Entered Level 6 of the Lair of Beasts
 14775 | Lair:6   | Found a frozen archway.
 14794 | IceCv    | Entered an ice cave
 14826 | IceCv    | Reached ****** piety under Trog
 14857 | IceCv    | Received a gift from Trog
 14956 | IceCv    | Noticed a reaper
 14963 | IceCv    | Killed a reaper
 15128 | Lair:6   | Found a labyrinth entrance.
 15156 | Lab      | Entered a labyrinth
 15340 | Lab      | Noticed a minotaur
 15349 | Lab      | Killed a minotaur
 15377 | Lab      | Found the +3 robe of Folly {Archmagi, MR-- Int+5}
 15405 | Lair:6   | Gained mutation: Your large and strong wings let you fly indefinitely. [Gargoyle growth]
 15405 | Lair:6   | Reached XP level 14. HP: 88/90 MP: 16/16
 15921 | Lair:6   | Reached skill level 10 in Armour
 15955 | Lair:6   | Found a viscous altar of Jiyva.
 15955 | Lair:6   | Found a staircase to the Slime Pits.
 16118 | Lair:6   | Received a gift from Trog
 16639 | D:12     | Noticed Nergalle
 16649 | D:12     | Killed Nergalle
 16755 | D:12     | Found a staircase to the Orcish Mines.
 16783 | D:12     | Noticed Fannar
 16793 | D:12     | Killed Fannar
 18094 | D:13     | Noticed Azrael
 18115 | D:13     | Killed Azrael
 18115 | D:13     | Received a gift from Trog
 18338 | D:14     | Reached XP level 15. HP: 96/96 MP: 17/17
 18372 | D:14     | Received a gift from Trog
 18421 | D:14     | Reached skill level 5 in Dodging
 18440 | D:14     | Found a gate to the Vaults.
 18815 | D:14     | Noticed a fire giant
 18823 | D:14     | Killed a fire giant
 19109 | D:15     | Entered Level 15 of the Dungeon
 19540 | D:15     | Found Xyn Ytz's Gadget Shop.
 19560 | D:15     | Received a gift from Trog
 19572 | D:15     | Found a staircase to the Depths.
 19873 | D:15     | Received a gift from Trog
 20157 | Orc:1    | Entered Level 1 of the Orcish Mines
 20596 | Orc:2    | Entered Level 2 of the Orcish Mines
 20680 | Orc:2    | Noticed an orc warlord
 20721 | Orc:1    | Killed an orc warlord
 20721 | Orc:1    | Reached XP level 16. HP: 37/107 MP: 18/18
 20878 | Orc:2    | Found a roughly hewn altar of Beogh.
 20887 | Orc:2    | Found Eddusum's General Store.
 20891 | Orc:2    | Received a gift from Trog
 20941 | Orc:2    | Found Kuiwuh's Antique Weapon Shop.
 20957 | Orc:2    | Bought a scroll of blinking for 105 gold pieces
 21127 | Orc:2    | Found a staircase to the Elven Halls.
 21288 | Orc:2    | Found Weroh's Antique Armour Shop.
 21294 | Orc:2    | Bought a shiny shield for 270 gold pieces
 21294 | Orc:2    | Bought a pair of runed gloves for 270 gold pieces
 21327 | Orc:2    | Found Camoth's Book Shop.
 21643 | Snake:1  | Entered Level 1 of the Snake Pit
 21643 | Snake:1  | Noticed Louise
 21647 | Snake:1  | Cast into level 2 of the Abyss (Louise)
 21656 | Abyss:2  | Found a corrupted altar of Lugonu.
 21722 | Abyss:2  | Noticed a tentacled starspawn
 21729 | Abyss:2  | Killed a tentacled starspawn
 21800 | Abyss:2  | Paralysed by accursed screaming for 1 turns
 21816 | Abyss:2  | Reached skill level 5 in Shields
 21866 | Abyss:2  | Noticed a tentacled starspawn
 21874 | Abyss:2  | Killed a tentacled starspawn
 21876 | Snake:1  | Escaped the Abyss
 21886 | Snake:1  | Killed Louise
 22070 | Snake:1  | Received a gift from Trog
 22087 | Snake:1  | Reached skill level 15 in Fighting
 22331 | Snake:1  | Noticed Roxanne
 22454 | Snake:1  | Killed Roxanne
 22540 | Snake:1  | Found Roeg's Antique Armour Shoppe.
 23066 | Snake:2  | Received a gift from Trog
 23161 | Snake:2  | Reached XP level 17. HP: 106/113 MP: 19/19
 23215 | Snake:2  | Noticed Vashnia
 23238 | Snake:2  | Killed Vashnia
 23238 | Snake:2  | Reached skill level 10 in Shields
 23297 | Snake:2  | Reached skill level 10 in Dodging
 23311 | Snake:2  | Got a bound lapis lazuli ring
 23740 | Snake:3  | Found Difibak's Food Emporium.
 23743 | Snake:3  | Found Kauluit's Jewellery Emporium.
 23743 | Snake:3  | Found Usexo's Gadget Shoppe.
 23762 | Snake:3  | Found Uxkoudwo's Antique Weapon Shoppe.
 23767 | Snake:3  | Bought a wand of digging (19) for 690 gold pieces
 24051 | Snake:3  | Noticed Nikola
 24071 | Snake:3  | Killed Nikola
 24365 | Snake:3  | Identified the ring "Ibuot" {rPois rF- EV+4 Str+7 Int-2} (You took it off a salamander on level 2 of the Snake Pit)
 24374 | Snake:4  | Entered Level 4 of the Snake Pit
 24483 | Snake:4  | Received a gift from Trog
 24679 | Snake:4  | Reached XP level 18. HP: 122/122 MP: 20/20
 24718 | Snake:4  | Received a gift from Trog
 25248 | Snake:4  | Received a gift from Trog
 25293 | Snake:4  | Reached skill level 15 in Shields
 25362 | Snake:4  | Got a serpentine rune of Zot
 25882 | Vaults:1 | Entered Level 1 of the Vaults
 26049 | Vaults:1 | Received a gift from Trog
 26128 | Vaults:1 | Found a large runed door.
 26128 | Vaults:1 | Found a large runed door.
 26128 | Vaults:1 | Found a large runed door.
 26128 | Vaults:1 | Found a large runed door.
 26128 | Vaults:1 | Found a large runed door.
 26128 | Vaults:1 | Found a large runed door.
 26128 | Vaults:1 | Noticed Varury's ghost (veteran DDFi)
 26368 | Vaults:1 | Reached XP level 19. HP: 102/132 MP: 21/21
 26797 | Vaults:1 | Received a gift from Trog
 27245 | Vaults:1 | Found a large runed door.
 27246 | Vaults:1 | Found a large runed door.
 27268 | Vaults:1 | Killed Varury's ghost
 27334 | Vaults:1 | Received a gift from Trog
 27362 | Vaults:1 | Found Oppek's Weapon Emporium.
 27449 | Vaults:2 | Found Topla's Jewellery Boutique.
 28276 | Vaults:2 | Received a gift from Trog
 28280 | Vaults:2 | Reached XP level 20. HP: 131/144 MP: 22/22
 29190 | Vaults:3 | Received a gift from Trog
 29923 | Vaults:3 | Found a staircase to the Crypt.
 30363 | Vaults:4 | Received a gift from Trog
 30405 | Vaults:4 | Noticed Jory
 30424 | Vaults:4 | Killed Jory
 30503 | Vaults:4 | Found Qoxaxun's Antique Weapon Boutique.
 30817 | Vaults:4 | Reached XP level 21. HP: 149/155 MP: 23/23
 30833 | Vaults:4 | Found a portal to a secret trove of treasure.
 30838 | Vaults:4 | Noticed Sojobo
 30879 | Vaults:4 | Killed Sojobo
 30967 | Vaults:4 | Received a gift from Trog
 31241 | Vaults:4 | Received a gift from Trog
 31415 | Vaults:4 | Found Oriet's Weapon Shoppe.
 31466 | Vaults:4 | Identified the Compendium of Transformation and Attacks
 32091 | Shoals:1 | Entered Level 1 of the Shoals
 32564 | Shoals:1 | Found a runed door.
 32564 | Shoals:1 | Noticed Affopysus's ghost (adept CeHu)
 33230 | Shoals:2 | Noticed Frances
 33240 | Shoals:2 | Killed Frances
 33503 | Shoals:2 | Received a gift from Trog
 34499 | Shoals:4 | Entered Level 4 of the Shoals
 34543 | Shoals:4 | Reached XP level 22. HP: 162/166 MP: 24/24
 34837 | Shoals:4 | Got a barnacled rune of Zot
 35030 | Shoals:4 | Received a gift from Trog
 35140 | Shoals:4 | Found Weoviyt's Distillery.
 35148 | Shoals:4 | Bought a potion of heal wounds for 70 gold pieces
 35148 | Shoals:4 | Bought a potion of agility for 56 gold pieces
 35148 | Shoals:4 | Bought a potion of cancellation for 112 gold pieces
 35148 | Shoals:4 | Bought a potion of curing for 42 gold pieces
 35880 | Depths:1 | Entered Level 1 of the Depths
 35889 | Depths:1 | Noticed a golden dragon
 35907 | Depths:1 | Killed a golden dragon
 35916 | Depths:1 | Got a spiked cloak
 35917 | Depths:1 | Identified the +2 cloak of the Thinker {Dex+2} (You acquired it on level 1 of the Depths)
 35971 | Depths:1 | Found a corrupted altar of Lugonu.
 35971 | Depths:1 | Found a one-way gate to the infinite horrors of the Abyss.
 36160 | Depths:1 | Found a gateway to Hell.
 36330 | Depths:1 | Reached skill level 27 in Fighting
 36829 | Depths:1 | Received a gift from Trog
 36868 | Depths:1 | Identified the Guide on the Oath
 37410 | Depths:2 | Found a gateway to a ziggurat.
 37452 | Depths:2 | Cast into level 2 of the Abyss (hell knight)
 37452 | Abyss:2  | Found a corrupted altar of Lugonu.
 37639 | Abyss:2  | Reached XP level 23. HP: 166/175 MP: 10/25
 37672 | Abyss:2  | Found a corrupted altar of Lugonu.
 37735 | Abyss:2  | Gained mutation: Your spells are a little easier to cast, but a little less powerful. [a neqoxec]
 37860 | Abyss:2  | Received a gift from Trog
 37909 | Depths:2 | Escaped the Abyss
 37947 | Depths:2 | Noticed a caustic shrike
 37960 | Depths:2 | Reached skill level 15 in Armour
 37967 | Depths:2 | Killed a caustic shrike
 38395 | Depths:3 | Received a gift from Trog
 38596 | Depths:3 | Found a one-way gate leading to the halls of Pandemonium.
 38917 | Depths:3 | Reached XP level 24. HP: 181/181 MP: 25/25
 39183 | Depths:3 | Received a gift from Trog
 39326 | Depths:3 | Noticed Saint Roka
 39344 | Depths:3 | Killed Saint Roka
 39961 | Depths:4 | Received a gift from Trog
 40180 | Depths:4 | Noticed a juggernaut
 40190 | Depths:4 | Killed a juggernaut
 40201 | Depths:4 | Noticed a caustic shrike
 40212 | Depths:4 | Killed a caustic shrike
 40252 | Depths:4 | Noticed a caustic shrike
 40255 | Depths:4 | a caustic shrike changed into an iron giant
 40928 | Depths:5 | Entered Level 5 of the Depths
 41211 | Depths:5 | Reached XP level 25. HP: 187/187 MP: 25/25
 41385 | Depths:5 | Received a gift from Trog
 41742 | Depths:5 | Received a gift from Trog
 42158 | Depths:5 | Found a runed door.
 42203 | Depths:5 | Found a runed door.
 42233 | Depths:5 | Found a runed door.
 42233 | Depths:5 | Found a runed door.
 42320 | Depths:5 | Found a runed door.
 42373 | Depths:5 | Found a gate to the Realm of Zot.
 42430 | Depths:5 | Found a runed door.
 42865 | Vaults:5 | Entered Level 5 of the Vaults
 42885 | Vaults:5 | Received a gift from Trog
 43118 | Vaults:5 | Received a gift from Trog
 43212 | Vaults:5 | Reached XP level 26. HP: 193/193 MP: 8/25
 43523 | Vaults:5 | Received a gift from Trog
 43648 | Vaults:5 | Got a faintly glowing glass ring
 43664 | Vaults:5 | Identified the ring of Zegeffiu {Wiz MR+ Int+3} (You took it off a vault warden on level 5 of the Vaults)
 43807 | Vaults:5 | Got a silver rune of Zot
 44478 | Vaults:5 | Received a gift from Trog
 45163 | Zot:1    | Entered Level 1 of the Realm of Zot
 45202 | Zot:1    | Reached skill level 27 in Armour
 45267 | Zot:1    | Reached XP level 27. HP: 150/199 MP: 5/25
 46958 | Zot:3    | Received a gift from Trog
 47434 | Zot:4    | Reached skill level 15 in Dodging
 48335 | Zot:4    | Found a runed gate.
 48335 | Zot:4    | Found a runed gate.
 48337 | Zot:4    | Found a runed gate.
 48342 | Zot:4    | Noticed GordonOverkill's ghost (legendary GrBe)
 48464 | Zot:4    | Received a gift from Trog
 48577 | Zot:4    | Killed GordonOverkill's ghost
 49205 | Zot:5    | Entered Level 5 of the Realm of Zot
 49960 | Zot:5    | Received a gift from Trog
 49961 | Zot:5    | Found the +5 demon whip "Spellbinder" {antimagic, MR+}
 50038 | Zot:5    | Noticed an orb of fire
 50050 | Zot:5    | Noticed an orb of fire
 50069 | Zot:5    | Killed an orb of fire
 50069 | Zot:5    | Gained mutation: Your magical capacity is low. (-10% MP) [an orb of fire]
 50086 | Zot:5    | Killed an orb of fire
 50098 | Zot:5    | Noticed an orb of fire
 50106 | Zot:5    | Gained mutation: Your magical capacity is very low. (-20% MP) [an orb of fire]
 50116 | Zot:5    | Killed an orb of fire
 50750 | Zot:5    | Noticed an orb of fire
 50760 | Zot:5    | Gained mutation: You are occasionally teleported next to monsters. [an orb of fire]
 50773 | Zot:5    | Killed an orb of fire
 50812 | Zot:5    | Received a gift from Trog
 50821 | Zot:5    | Lost mutation: Your spells are a little easier to cast, but a little less powerful. [potion of mutation]
 50821 | Zot:5    | Lost mutation: Your magical capacity is very low. (-20% MP) [potion of mutation]
 50821 | Zot:5    | Lost mutation: Your magical capacity is low. (-10% MP) [potion of mutation]
 50821 | Zot:5    | Gained mutation: You are frail. (-10% HP) [potion of mutation]
 50821 | Zot:5    | Gained mutation: You have sharp toenails. [potion of mutation]
 50821 | Zot:5    | Gained mutation: Your muscles are strong. (Str +2) [potion of mutation]
 50821 | Zot:5    | Gained mutation: You possess an exceptional clarity of mind. [potion of mutation]
 50822 | Zot:5    | Lost mutation: You possess an exceptional clarity of mind. [potion of mutation]
 50822 | Zot:5    | Lost mutation: Your muscles are strong. (Str +2) [potion of mutation]
 50822 | Zot:5    | Lost mutation: You have sharp toenails. [potion of mutation]
 50822 | Zot:5    | Lost mutation: You are frail. (-10% HP) [potion of mutation]
 50822 | Zot:5    | Gained mutation: Your flesh is heat resistant. (rF+) [potion of mutation]
 50822 | Zot:5    | Gained mutation: Your mind is acute. (Int +2) [potion of mutation]
 50823 | Zot:5    | Lost mutation: Your flesh is heat resistant. (rF+) [potion of mutation]
 50823 | Zot:5    | Lost mutation: You are occasionally teleported next to monsters. [potion of mutation]
 50823 | Zot:5    | Lost mutation: Your mind is acute. (Int +2) [potion of mutation]
 50823 | Zot:5    | Gained mutation: You are somewhat resistant to further mutation. [potion of mutation]
 51025 | Zot:5    | Noticed an ancient lich
 51044 | Zot:5    | Killed an ancient lich
 51432 | Zot:5    | Got the Orb of Zot
 51784 | D:14     | Noticed a seraph
 52107 | D:$      | Escaped with the Orb!

Skill      XL: |  1  2  3  4  5  6  7  8  9 10 11 12 13 14 15 16 17 18 19 20 21 22 23 24 25 26 27 |
---------------+----------------------------------------------------------------------------------+-----
Axes           | 3 4 6 8 10 12 14 15 17 18 | 18.0
Fighting       | 4 5 6 7 8 9 10 11 12 14 15 16 18 21 23 26 27 | 27.0
Dodging        | 2 4 8 9 10 21 | 21.0
Armour         | 3 5 9 10 13 18 21 24 27 | 27.0
Evocations     | 1 3 |  3.0
Shields        | 2 4 9 13 15 | 15.0
Unarmed Combat | |  0.2

Action                   |  1- 3 |  4- 6 |  7- 9 | 10-12 | 13-15 | 16-18 | 19-21 | 22-24 | 25-27 || total
-------------------------+-------+-------+-------+-------+-------+-------+-------+-------+-------++-------
Melee: Unarmed           |    45 |       |       |       |       |       |       |       |       ||    45
       Hand axe          |   109 |   171 |   358 |   243 |       |       |       |       |       ||   881
       Broad axe         |       |       |       |   240 |  1016 |  1145 |  1325 |  1375 |  2274 ||  7375
       Battleaxe         |       |       |       |    49 |       |       |       |       |       ||    49
       War axe           |       |       |       |    45 |       |       |       |       |       ||    45
Throw: Throwing net      |       |       |       |       |       |       |       |       |     2 ||     2
Invok: Berserk           |     2 |     5 |    10 |    11 |     2 |     6 |     4 |     4 |    12 ||    56
       Trog's Hand       |       |       |     3 |       |     2 |     5 |     1 |     3 |    14 ||    28
       Brothers in Arms  |       |       |       |       |     2 |       |     1 |       |       ||     3
 Abil: Fly               |       |       |       |       |       |       |     1 |       |       ||     1
Evoke: Wand              |       |       |       |       |       |     1 |       |       |     2 ||     3
  Use: Scroll            |     4 |       |    11 |    15 |     5 |     8 |     5 |     4 |    11 ||    63
       Potion            |       |       |       |       |       |       |       |       |    10 ||    10
 Stab: Sleeping          |     2 |     5 |     9 |    10 |       |       |       |       |       ||    26
       Petrifying        |       |       |       |       |       |       |       |     3 |       ||     3
       Petrified         |       |       |       |       |       |       |       |     1 |       ||     1
       Distracted        |       |       |       |       |       |       |       |     1 |     2 ||     3
       Invisible         |       |       |       |       |       |       |       |       |    11 ||    11
       Held in net/web   |       |       |       |       |       |       |       |       |     2 ||     2
       Paralysed         |       |       |       |       |       |       |       |       |     2 ||     2
  Eat: Chunk             |     5 |     9 |    21 |    26 |    18 |    16 |    26 |    21 |    16 ||   158
       Ration            |       |       |       |     5 |     3 |     4 |     3 |     1 |    14 ||    30
Armor: Animal skin       |    11 |       |       |       |       |       |       |       |       ||    11
       Shadow dragon sca |    72 |   145 |   327 |   303 |       |       |       |       |       ||   847
       Skin              |     4 |       |       |       |       |       |       |       |       ||     4
       Crystal plate arm |       |       |       |   113 |   795 |   608 |   561 |   760 |   942 ||  3779
       Gold dragon scale |       |       |       |       |       |       |       |       |   804 ||   804
Dodge: Dodged            |    81 |    92 |   176 |   191 |   267 |   247 |   230 |   375 |   897 ||  2556
Block: Buckler           |       |       |       |    25 |   151 |     9 |       |       |       ||   185
       Shield            |       |       |       |       |       |   704 |   752 |   972 |  1630 ||  4058
       Reflection        |       |       |       |       |       |    93 |    73 |    96 |    40 ||   302
